 Dungeon Crawl Stone Soup version 0.29.1-12-g30fa7ad0bf (webtiles) character file.

Game seed: 16290667773907863204

6355 cdecastro the Grappler (level 10, -22/93 HPs)
             Began as a Ghoul Monk on Jan 18, 2023.
             Was a Priest of Cheibriados.
             Annihilated by an orc knight
             ... wielding a +0 halberd
              (34 damage)
             ... in a bailey on Jan 19, 2023.
             The game lasted 00:23:09 (9477 turns).

cdecastro the Grappler (Ghoul Monk)                 Turns: 9477, Time: 00:23:09

Health: -22/93     AC: 15    Str: 28    XL:     10   Next: 96%
Magic:  10/15      EV: 10    Int: 13    God:    Cheibriados [***...]
Gold:   498        SH:  0    Dex: 19    Spells: 9/9 levels left

rFire   . . .      SeeInvis +     - Unarmed
rCold   + + .      Faith    .   (no shield)
rNeg    + + +      Spirit   .   x - +1 chain mail {rC+}
rPois   ∞          Reflect  .   y - +2 helmet
rElec   .          Harm     .   w - +0 cloak
rCorr   .          Rampage  .   (no gloves)
Will    .....                   (no boots)
Stlth   ..........              (no amulet)
HPRegen 0.00/turn               q - ring of see invisible
MPRegen 0.14/turn               L - ring of flight

@: flying, inhibited regen, invisible, very slow
A: claws 1, cold resistance 1, negative energy resistance 3, inhibited
regeneration, torment resistance 2, devour on kill
a: Renounce Religion, Bend Time, Temporal Distortion


You were in a bailey.
You worshipped Cheibriados.
Cheibriados was most pleased with you.
You visited 1 branch of the dungeon, and saw 10 of its levels.
You also visited: Bailey.

You collected 498 gold pieces.

Inventory:

Hand Weapons
 b - a +0 shortbow of freezing
Missiles
 o - 20 boomerangs (quivered)
 B - 3 poisoned darts
 K - 4 atropa-tipped darts
 N - a curare-tipped dart
Armour
 a - a +0 robe
 p - a +0 ring mail
 w - a +0 cloak (worn)
 x - a +1 chain mail of cold resistance (worn)
 y - a +2 helmet (worn)
Jewellery
 q - a ring of see invisible (left claw)
 L - a ring of flight (right claw)
 Q - a ring of wizardry
Wands
 z - a wand of charming (16)
 A - a wand of flame (5)
 I - a wand of acid (13)
 J - a wand of iceblast (12)
Scrolls
 c - a scroll of magic mapping {unknown}
 e - a scroll of acquirement {unknown}
 f - a scroll of poison {unknown}
 h - 3 scrolls of enchant armour
 i - 7 scrolls of teleportation {unknown}
 m - 6 scrolls of vulnerability {unknown}
 n - 3 scrolls of torment {unknown}
 s - 2 scrolls of amnesia {unknown}
 t - a scroll of blinking {unknown}
 C - a scroll of fear {unknown}
 D - a scroll of enchant weapon
 E - a scroll of noise {unknown}
 M - a scroll of immolation
 O - a scroll of brand weapon
Potions
 d - 3 potions of berserk rage
 g - 10 potions of heal wounds
 j - a potion of brilliance {unknown}
 k - 6 potions of haste
 l - 8 potions of curing
 r - a potion of lignification
 u - a potion of cancellation
 v - 5 potions of mutation
 F - a potion of resistance
 G - 4 potions of flight
 H - 2 potions of attraction
 R - 2 potions of might {unknown}
 S - a potion of magic {unknown}


   Skills:
 - Level 10.0 Fighting
 + Level 4.5 Armour
 - Level 2.6 Dodging
 - Level 2.1 Stealth
 - Level 12.0 Unarmed Combat
 - Level 8.0 Invocations


You had 9 spell levels left.
You didn't know any spells.
Your spell library contained the following spells:

 Spells                   Type           Power      Damage    Failure   Level
 Gell's Gravitas          Tloc           0%         N/A       99%         3
 Lesser Beckoning         Tloc           0%         N/A       99%         3
 Teleport Other           Tloc           0%         N/A       99%         3
 Petrify                  Tmut/Erth      0%         N/A       100%        4
 Irradiate                Conj/Tmut      0%         3d11      100%        5
 Dispersal                Tloc           0%         N/A       100%        6
 Disjunction              Tloc           0%         N/A       100%        8
 Sublimation of Blood     Necr           Unusable   N/A       N/A         2

Dungeon Overview and Level Annotations

Branches:
Dungeon (10/15)            Temple (0/1) D:7          Bailey (1/1)
   Lair: D:8-11         Orc: D:9-12

Altars:
Ashenzari
Cheibriados
Fedhas
Gozag
Makhleb
Ru
Uskayaw
Wu Jian
Xom

Shops:
D:6 *   D:8 [

Annotations:
D:5 2 transporters, mampy3000's ghost, novice MiBe
D:6 yaks


Innate Abilities, Weirdness & Mutations

You are immune to poison.
You have sharp fingernails.
Your flesh is cold resistant. (rC+)
You are immune to negative energy. (rN+++)
You do not regenerate when monsters are visible.
You are immune to unholy pain and torment.
You thrive by killing the living.


Message History

The orc knight shouts!
The orc warrior shouts!
The orc warrior hits you with a +0 glaive!!
The orc knight hits you but does no damage.
The orc warrior hits you with a +0 glaive!
Unknown command.
Activating: Slouch (6% risk of failure)
Press: ? - help, Dir - look around, f - activate You can feel time thicken for a moment.
You can no longer inflict damage on those overly hasty.
Cheibriados lowers the support of your attributes as your movement quickens.
The orc warrior barely misses you. The orc knight barely misses you.
Unknown command.
Unknown command.
Unknown command.
Unknown command.
Unknown command.
Okay, then.
Unknown command.
Unknown command.
You fade into invisibility!
The orc knight roars a battlecry!
The orc knight goes into a battle-frenzy!
The orc warrior hits you with a +0 glaive!
* * * LOW HITPOINT WARNING * * *
The orc knight hits you with a +0 halberd!!
* * * LOW HITPOINT WARNING * * *
You scratch the orc knight.
The orc knight is moderately wounded.
Unknown command.
You strike the helpless orc knight from behind!
You eviscerate the orc knight!!!
The orc knight is almost dead.
Unknown command.
You strike the helpless orc knight from behind!
You claw the orc knight! Your claw misses the orc knight.
The orc knight is almost dead.
The orc warrior hits you with a +0 glaive!
* * * LOW HITPOINT WARNING * * *
The orc knight hits you with a +0 halberd!!
You die...

#...?...#
#..???..#
#.......#
#.......#
#.......#
#....oo.#
#....o..#
#....@..#
##...o.##
#'''''#
##.....##
#.......#
#.......#
#...)...#
#..#.#..#
#.......#


You could see 2 orc knights and 2 orc warriors.

Vanquished Creatures
  An orc knight (Bailey)
  A gargoyle (D:7)
  A troll (D:10)
  Grinder (D:3)
  2 wraiths (D:10)
  A vampire (D:8)
  2 acid dragons
  3 water moccasins
  Pargi (D:3)
  10 orc warriors
  3 ice beasts (D:8)
  An ogre (D:9)
  2 wolves
  A centaur (D:5)
  A kobold brigand (D:8)
  6 bullfrogs
  A necrophage (D:5)
  3 gnoll sergeants
  3 scorpions
  5 wights (D:9)
  7 killer bees
  2 electric eels (D:8)
  5 howler monkeys
  A crimson imp (D:8)
  2 jellies (D:5)
  A hound (D:7)
  2 orc priests
  A gnoll bouda (D:7)
  Jessica (D:3)
  Terence (D:3)
  An iguana (D:5)
  5 orc wizards
  2 centaur simulacra (D:8)
  14 gnolls
  5 adders
  A shadow imp (D:7)
  5 white imps (D:8)
  A howler monkey simulacrum (D:8)
  3 ufetubi (D:8)
  2 dart slugs (D:1)
  63 orcs
  6 bats
  7 endoplasms
  2 giant cockroaches
  12 goblins
  8 hobgoblins
  6 jackals
  A quokka (D:1)
  5 ball pythons
  3 frilled lizards
  10 kobolds
  5 rats
239 creatures vanquished.

Vanquished Creatures (others)
  A bush (D:5)
1 creature vanquished.

Grand Total: 240 creatures vanquished

Notes
Turn   | Place    | Note
-------+----------+-------------------------------------------
     0 | D:1      | cdecastro the Ghoul Monk began the quest for the Orb.
     0 | D:1      | Reached XP level 1. HP: 19/19 MP: 0/0
   122 | D:1      | Reached XP level 2. HP: 26/26 MP: 1/1
   140 | D:1      | Reached skill level 4 in Unarmed Combat
   820 | D:1      | You fall into a shaft and drop 1 floor!
   907 | D:2      | Reached XP level 3. HP: 24/31 MP: 2/2
  1167 | D:2      | Found a snail-covered altar of Cheibriados.
  1202 | D:2      | Became a worshipper of Cheibriados the Contemplative
  1202 | D:2      | Reached * piety under Cheibriados
  1202 | D:2      | Reached ** piety under Cheibriados
  1476 | D:1      | Reached skill level 5 in Unarmed Combat
  1874 | D:2      | Reached XP level 4. HP: 19/38 MP: 3/3
  2221 | D:3      | Noticed Pargi
  2249 | D:3      | Killed Pargi
  2250 | D:3      | Reached skill level 6 in Unarmed Combat
  2250 | D:3      | Reached XP level 5. HP: 25/45 MP: 3/5
  2451 | D:3      | Found a sacrificial altar of Ru.
  2497 | D:3      | Noticed Jessica
  2507 | D:3      | Killed Jessica
  2801 | D:3      | Found a faded altar of an unknown god.
  2876 | D:3      | Noticed Terence
  2887 | D:3      | Killed Terence
  2888 | D:3      | Reached XP level 6. HP: 47/51 MP: 3/7
  2936 | D:3      | Noticed Grinder
  2960 | D:3      | Killed Grinder
  2961 | D:3      | Reached skill level 7 in Unarmed Combat
  3377 | D:4      | Reached XP level 7. HP: 57/57 MP: 8/8
  3415 | D:4      | Reached *** piety under Cheibriados
  3496 | D:4      | Reached skill level 8 in Unarmed Combat
  3746 | D:5      | Entered Level 5 of the Dungeon
  3910 | D:5      | Reached skill level 5 in Invocations
  3935 | D:5      | Found a transporter.
  3939 | D:5      | Noticed mampy3000's ghost (novice MiBe)
  3940 | D:5      | Found a transporter.
  4042 | D:5      | Reached XP level 8. HP: 25/63 MP: 7/11
  4299 | D:5      | Found an opulent altar of Gozag.
  4627 | D:5      | Found a blossoming altar of Fedhas.
  5051 | D:6      | Noticed a yak
  5053 | D:6      | Noticed a yak
  5053 | D:6      | Noticed a yak
  5053 | D:6      | Noticed a yak
  5054 | D:6      | Noticed a yak
  5108 | D:6      | Found Fama Jae's Elemental Accessories.
  5311 | D:6      | Found an ornate altar of the Wu Jian Council.
  5633 | D:7      | Reached **** piety under Cheibriados
  5665 | D:7      | Found a staircase to the Ecumenical Temple.
  5696 | D:7      | Found a hide-covered altar of Uskayaw.
  5840 | D:7      | Noticed a gargoyle
  5859 | D:7      | Killed a gargoyle
  5860 | D:7      | Reached skill level 9 in Unarmed Combat
  5860 | D:7      | Reached XP level 9. HP: 29/70 MP: 11/14
  6085 | D:7      | Reached skill level 10 in Unarmed Combat
  6668 | D:7      | Reached skill level 5 in Fighting
  6997 | D:8      | Identified the +2 ring mail "Keseol" {*Corrode rElec
                  | Stlth+}
  7011 | D:8      | Found a shimmering altar of Xom.
  7015 | D:8      | Found a burning altar of Makhleb.
  7091 | D:8      | Found a broken altar of Ashenzari.
  7357 | D:8      | Found Fosesoec's Antique Armour Shop.
  7542 | D:8      | Reached XP level 10. HP: 91/91 MP: 15/15
  8047 | D:9      | Reached skill level 10 in Fighting
  8219 | D:9      | Reached ***** piety under Cheibriados
  8623 | D:9      | Reached skill level 11 in Unarmed Combat
  8765 | D:10     | Entered Level 10 of the Dungeon
  8892 | D:10     | Found a flagged portal.
  8975 | D:10     | Reached skill level 12 in Unarmed Combat
  8987 | D:10     | Reached skill level 1 in Armour
  9051 | Bailey   | Entered a bailey
  9377 | Bailey   | Noticed an orc knight
  9387 | Bailey   | Killed an orc knight
  9469 | Bailey   | Noticed an orc knight
  9471 | Bailey   | Noticed an orc knight
  9477 | Bailey   | Annihilated by an orc knight

Illustrated notes

Levels and vault maps discovered:
D:1:      nzn_arrival_crosshair, layout_loops_corners, chequers_decorated_corner
D:2:      layout_basic, basic_altar
D:3:      layout_basic, nicolae_ru_awakened_eye,
          shapermc_ecumenical_altar_hornbeckon, corexii_hall_statues_u,
          chequers_serial_rivers_micro_a, hangedman_glass_teeth, uniq_terence,
          uniq_jessica, uniq_grinder, uniq_pargi
D:4:      layout_rooms
D:5:      layout_loops_ring, fedhas_bush_and_centaur_altar, kennysheep_mini,
          gammafunk_ghost_smash, kennysheep_doodads
D:6:      layout_cave_pools, nicolae_wu_jian_wuxing_cycle,
          nicolae_elemental_shop, supply_closet_lemuel, minivault_10
D:7:      layout_basic, nicolae_tso_swordbearing_angel,
          nicolae_uskayaw_dance_hall, minmay_temple_entry_statues_fountains
D:8:      layout_basic, mainiacjoe_overflow_paths,
          grunt_temple_overflow_champion_of_chaos, serial_ice, serial_ice_f,
          serial_ice_k, serial_ice_d, serial_ice_c, serial_ice_g, serial_ice_n,
          serial_ice_b, serial_shops, shop
D:9:      layout_roguey [special_room_orc], grunt_decor_fettered,
          minmay_liquid_box
D:10:     layout_loops_cross, okawaru_gym_becter, minmay_orc_entry_temple_small,
          serial_shops, shop, enter_bailey_4, uniq_grum
Bailey:   bailey_polearm_5, bailey

Skill      XL: |  1  2  3  4  5  6  7  8  9 10 |
---------------+-------------------------------+-----
Unarmed Combat | 4 5 6 7 8 9 10 12 | 12.0
Invocations    | 2 3 6 8 |  8.0
Fighting       | 9 10 | 10.0
Armour         | 4 |  4.5
Dodging        | |  2.6
Stealth        | |  2.1

Action                   |  1- 3 |  4- 6 |  7- 9 | 10-12 || total
-------------------------+-------+-------+-------+-------++-------
Melee: Unarmed           |    94 |   105 |   287 |   175 ||   661
       Punch             |     1 |     1 |    18 |    15 ||    35
 Fire: Shortbow          |       |       |     7 |       ||     7
Throw: Boomerang         |       |     1 |     2 |       ||     3
Invok: Bend Time         |       |     5 |     5 |     1 ||    11
       Slouch            |       |       |     1 |     6 ||     7
Evoke: Wand              |       |       |     2 |     1 ||     3
  Use: Potion            |       |     1 |       |     1 ||     2
       Scroll            |       |       |       |    13 ||    13
 Stab: Sleeping          |     8 |     2 |     1 |       ||    11
       Invisible         |       |       |       |     2 ||     2
Armor: Robe              |     9 |       |       |       ||     9
       Ring mail         |    19 |    25 |       |       ||    44
       Chain mail        |       |    23 |   156 |   118 ||   297
Dodge: Dodged            |    46 |    67 |   138 |   112 ||   363
